 Dungeon Crawl Stone Soup version 0.21.0-3-g78d12a8 (webtiles) character file.

3830 Musashi the Cleaver (level 9, -3/79 HPs)
             Began as a Minotaur Berserker on Jan 17, 2018.
             Was an Elder of Trog.
             Killed from afar by Erica (30 damage)
             ... with a bolt of poison
             ... on level 8 of the Dungeon.
             The game lasted 00:39:48 (10362 turns).

Musashi the Cleaver (Minotaur Berserker)           Turns: 10362, Time: 00:39:49

Health: -3/79      AC:  9    Str: 24    XL:     9   Next: 97%
Magic:  9/9        EV: 11    Int:  5    God:    Trog [****..]
Gold:   480        SH:  3    Dex: 10    Spells: 8/8 levels left

rFire    . . .     SeeInvis .   a - +0 hand axe
rCold    . . .     Gourm    .   M - +0 buckler
rNeg     . . .     Faith    .   f - +0 scale mail
rPois    .         Spirit   .   (helmet restricted)
rElec    .         Reflect  .   L - scarf {cloud immunity}
rCorr    .         Harm     .   (no gloves)
MR       .....                  K - +0 pair of boots {Fly}
Stlth    ..........             (no amulet)
HPRegen  0.23/turn              (no ring)
MPRegen  0.11/turn              (no ring)

@: lethally poisoned (-3 -> -14), slowed, very slow
A: retaliatory headbutt, horns 2
a: Berserk, Trog's Hand, Brothers in Arms, Burn Spellbooks, Renounce Religion,
Evoke Flight


You were on level 8 of the Dungeon.
You worshipped Trog.
Trog was greatly pleased with you.
You were not hungry.

You visited 2 branches of the dungeon, and saw 9 of its levels.
You also visited: Sewer.

You collected 490 gold pieces.
You spent 10 gold pieces at shops.

Inventory:

Hand Weapons
 a - a +0 hand axe (weapon)
 b - a +1 hunting sling
 G - a +0 spear
 I - a +0 war axe
 N - a +0 shortbow
Missiles
 d - 233 stones
 j - 7 needles of sleeping
 t - 52 bolts
 x - 128 arrows
 y - 51 sling bullets
 F - 3 tomahawks (quivered)
 H - 7 javelins of returning
 O - 16 poisoned needles
Armour
 e - a +0 chain mail
 f - a +0 scale mail (worn)
 E - a scarf of repulsion
 J - the +3 hat of Pondering {ponderous, MR+ MP+10 Int+5}
   (You found it on level 6 of the Dungeon)

   It affects your intelligence (+5).
   It affects your resistance to hostile enchantments.
   It affects your magic capacity (+10).
 K - a +0 pair of boots of flying (worn)
 L - a scarf of cloud immunity (worn)
 M - a +0 buckler (worn)
Wands
 p - a wand of flame (46)
 v - a wand of acid (11)
Scrolls
 g - 3 scrolls of amnesia {unknown}
 k - 3 scrolls of remove curse
 l - 3 scrolls of fog {unknown}
 o - a scroll of immolation {unknown}
 r - 8 scrolls of identify
 u - 7 scrolls of teleportation
 z - 3 scrolls of enchant armour {unknown}
 A - 4 scrolls of magic mapping
 D - a scroll of enchant weapon
Potions
 h - 2 potions of lignification {unknown}
 i - 4 potions of curing {unknown}
 m - 2 potions of might {unknown}
 n - 2 potions of flight
 q - 2 potions of agility
 w - 3 potions of brilliance {unknown}
 B - a potion of cancellation {unknown}
Books
 s - a book of Callings

   Spells                             Type                      Level
   a - Summon Small Mammal            Summoning                    1
   b - Call Imp                       Summoning                    2
   c - Call Canine Familiar           Summoning                    3
   d - Summon Guardian Golem          Hexes/Summoning              3
   e - Summon Lightning Spire         Summoning/Air                4
   f - Summon Ice Beast               Ice/Summoning                4
   Trog disapproves of the use of such an item.
 C - a book of Changes

   Spells                             Type                      Level
   a - Beastly Appendage              Transmutation                1
   b - Sticks to Snakes               Transmutation                2
   c - Spider Form                    Transmutation/Poison         3
   d - Ice Form                       Ice/Transmutation            4
   e - Blade Hands                    Transmutation                5
   Trog disapproves of the use of such an item.
Comestibles
 c - 3 rations


   Skills:
 - Level 7.3 Fighting
 + Level 12.7 Axes
 - Level 2.6 Slings
 - Level 8.2 Armour
 - Level 3.9 Dodging
 - Level 1.0 Stealth
 - Level 1.6 Evocations


You had 8 spell levels left.
You didn't know any spells.

Dungeon Overview and Level Annotations

Branches:
Dungeon (8/15)             Temple (1/1) D:7
   Lair: D:8-11

Altars:
Ashenzari
Cheibriados
Dithmenos
Elyvilon
Fedhas
Gozag
Hepliaklqana
Kikubaaqudgha
Makhleb
Nemelex Xobeh
Okawaru
Qazlal
Ru
Sif Muna
Trog
Uskayaw
Vehumet
Wu Jian
Xom
Yredelemnul
Zin
The Shining One

Shops:
D:5 (   D:6 ?   D:7 =

Annotations:
D:8 Erica


Innate Abilities, Weirdness & Mutations

You reflexively headbutt those who attack you in melee.
You have a pair of horns on your head.


Message History

You hear some strange, mumbled words.
A bolt of poison appears from out of thin air!
The bolt of poison misses you. Something hits you but does no damage.
You closely miss something.
You hear some strange, mumbled words.
You feel as though you will be slow longer.
You miss something. Your headbutt misses something.
You hit something but do no damage. You headbutt something. Something hits you.
Something burns you.
You barely miss something.
You hear some strange, mumbled words.
You feel as though you will be slow longer.
Your shield and scale mail prevent you from hitting something.
Your headbutt misses something. Something hits you. Something burns you.
You slash something!
You hear some strange, mumbled words.
A bolt of poison appears from out of thin air!
The bolt of poison hits you!
You are poisoned.
You die...

.... ....... ##..##.# #.#
# ...##.# ... #. #..##.#
#.# .. #..##.# #.# # #.
#<$##.#. #.#
#..##..##.#.#########.#
#......{@.#...........###
#.###..####..............
#.%# ##..........####
...)..............####
###................'...
#..#####.........####
...# #.........# #..#
#......รท..# #..#
#.........####


There were no monsters in sight!

Vanquished Creatures
  A two-headed ogre (D:8)
  Sigmund (D:5)
  A water moccasin (D:7)
  An orc warrior (D:7)
  3 sky beasts
  A black bear (D:8)
  4 ice beasts
  2 ogres
  2 phantoms
  A centaur (D:7)
  A crocodile (D:8)
  A big kobold (Sewer)
  2 bullfrogs
  4 scorpions
  2 howler monkeys (D:7)
  4 crimson imps
  A bullfrog zombie (D:5)
  A quasit (D:5)
  A centaur skeleton (D:6)
  2 jellies
  4 hounds
  5 orc priests
  5 orc wizards
  An iguana (D:4)
  Jessica (D:2)
  4 worker ants
  Terence (D:2)
  Robin (D:3)
  4 gnolls (D:5)
  3 river rats
  7 adders
  2 shadow imps
  An ooze (D:3)
  3 worms
  An adder skeleton (D:6)
  4 dart slugs
  7 leopard geckos
  25 orcs
  8 giant cockroaches
  8 hobgoblins
  10 jackals
  12 kobolds
  2 quokkas
  3 ball pythons
  A bat (D:2)
  7 frilled lizards
  18 goblins
  12 rats
196 creatures vanquished.

Notes
Turn   | Place    | Note
-------+----------+-------------------------------------------
     0 | D:1      | Musashi the Minotaur Berserker began the quest for the Orb.
     0 | D:1      | Reached XP level 1. HP: 19/19 MP: 0/0
   263 | D:1      | Reached skill level 4 in Axes
   263 | D:1      | Reached XP level 2. HP: 27/27 MP: 1/1
   674 | D:1      | Reached XP level 3. HP: 33/33 MP: 2/2
  1292 | D:2      | Noticed a scorpion
  1299 | D:2      | Killed a scorpion
  1299 | D:2      | Reached skill level 5 in Axes
  1299 | D:2      | Reached XP level 4. HP: 34/41 MP: 3/3
  1514 | D:2      | Reached ** piety under Trog
  1730 | D:2      | Noticed Jessica
  1735 | D:2      | Killed Jessica
  1735 | D:2      | Reached XP level 5. HP: 47/47 MP: 4/4
  1876 | D:3      | Noticed Terence
  1910 | D:2      | Killed Terence
  2172 | D:2      | Reached skill level 6 in Axes
  2175 | D:2      | Reached skill level 5 in Fighting
  2621 | D:3      | Noticed Robin
  2637 | D:3      | Killed Robin
  3096 | D:3      | Reached XP level 6. HP: 25/56 MP: 5/5
  3596 | D:4      | Noticed a sky beast
  3613 | D:4      | Killed a sky beast
  3720 | D:4      | Found a transporter.
  3727 | D:4      | Noticed an ice beast
  3727 | D:4      | Noticed an ice beast
  3761 | D:4      | Reached skill level 5 in Armour
  3762 | D:4      | Found a transporter.
  3830 | D:4      | Reached *** piety under Trog
  3879 | D:4      | Reached XP level 7. HP: 56/61 MP: 6/6
  4418 | D:4      | Reached skill level 7 in Axes
  4636 | D:4      | Reached skill level 1 in Evocations
  5001 | D:5      | Entered Level 5 of the Dungeon
  5169 | D:5      | Reached XP level 8. HP: 70/70 MP: 8/8
  5533 | D:5      | Noticed Sigmund
  5554 | D:5      | Killed Sigmund
  5554 | D:5      | Reached skill level 8 in Axes
  5610 | D:5      | Found a glowing drain.
  5621 | Sewer    | Entered a sewer
  5866 | Sewer    | Reached **** piety under Trog
  5922 | Sewer    | Found a glowing silver altar of Zin.
  6090 | D:5      | Received a gift from Trog
  6174 | D:5      | Found Zovuyhen's Antique Weapon Shoppe.
  6234 | D:5      | Found a glowing golden altar of the Shining One.
  6642 | D:6      | Found a white marble altar of Elyvilon.
  6675 | D:6      | Reached skill level 1 in Slings
  7197 | D:6      | Reached skill level 9 in Axes
  7197 | D:6      | Reached skill level 1 in Stealth
  7604 | D:6      | Found the +3 hat of Pondering {ponderous, MR+ MP+10 Int+5}
  7774 | D:6      | Found Ifeinkam's Magic Scroll Emporium.
  7779 | D:6      | Bought a scroll of random uselessness for 10 gold pieces
  8146 | D:7      | Reached XP level 9. HP: 39/79 MP: 9/9
  8661 | D:7      | Found Reuq's Jewellery Boutique.
  8812 | D:7      | You fall through a shaft!
  8987 | D:8      | Reached skill level 10 in Axes
  9066 | D:8      | Noticed a two-headed ogre
  9075 | D:8      | Killed a two-headed ogre
  9075 | D:8      | Reached skill level 11 in Axes
  9301 | D:7      | Found a staircase to the Ecumenical Temple.
  9373 | D:7      | Received a gift from Trog
  9373 | D:7      | Reached skill level 12 in Axes
 10154 | Temple   | Entered the Ecumenical Temple
 10319 | D:8      | Noticed Erica
 10362 | D:8      | Killed from afar by Erica

Skill      XL: |  1  2  3  4  5  6  7  8  9 |
---------------+----------------------------+-----
Axes           | 4 5 6 7 9 12 | 12.7
Fighting       | 4 5 6 7 |  7.3
Armour         | 3 4 5 6 8 |  8.2
Evocations     | 1 |  1.6
Dodging        | 3 |  3.9
Slings         | 2 |  2.6
Stealth        | 1 |  1.0

Action                   |  1- 3 |  4- 6 |  7- 9 || total
-------------------------+-------+-------+-------++-------
Melee: Hand axe          |    67 |   142 |   281 ||   490
       Headbutt          |     7 |    20 |    73 ||   100
       War axe           |       |       |   118 ||   118
 Fire: Hunting sling     |       |     2 |    13 ||    15
Throw: Stone             |     2 |       |       ||     2
       Tomahawk          |       |       |     1 ||     1
Invok: Berserk           |       |       |     3 ||     3
 Abil: Stop Flying       |       |       |     1 ||     1
Evoke: Wand              |       |    13 |       ||    13
  Use: Scroll            |       |     6 |       ||     6
       Potion            |       |       |     2 ||     2
  Eat: Chunk             |     1 |     8 |    10 ||    19
       Ration            |       |       |     4 ||     4
Armor: Ring mail         |    21 |     8 |       ||    29
       Scale mail        |       |    30 |   140 ||   170
       Chain mail        |       |    22 |       ||    22
Dodge: Dodged            |    40 |    85 |   224 ||   349
       Deflected         |       |       |     6 ||     6
Block: Buckler           |       |       |     9 ||     9
